 Dungeon Sprint DCSS version 0.27.0-1-g7a089689b8 (webtiles) character file.

Game seed: 9244456559864519973

16 mainiacjoe the Skirmisher (level 2, -1/29 HPs)
             Began as a Minotaur Fighter on Aug 16, 2021.
             Slain by a black bear (5 damage)
             ... in the Dungeon (Sprint IX: "|||||||||||||||||||||||||||||").
             The game lasted 00:01:01 (138 turns).

mainiacjoe the Skirmisher (Minotaur Fighter)         Turns: 138, Time: 00:01:01

Health: -1/29      AC:  7    Str: 20    XL:     2   Next: 37%
Magic:  1/1        EV:  7    Int:  5    God:
Gold:   0          SH:  9    Dex:  9    Spells: 1/1 levels left

rFire    . . .     SeeInvis .   a - +0 long sword
rCold    . . .     Faith    .   c - +0 kite shield
rNeg     . . .     Spirit   .   b - +0 scale mail
rPois    .         Reflect  .   (helmet restricted)
rElec    .         Harm     .   (no cloak)
rCorr    .         Rampage  .   (no gloves)
Will     .....     NoTele   +   (no boots)
Stlth    ..........             (no amulet)
HPRegen  0.09/turn              (no ring)
MPRegen  0.07/turn              (no ring)

@: no status effects
A: horns 2, retaliatory headbutt
a: no special abilities


You were in the Dungeon.
You visited 1 branch

Inventory:

Hand Weapons
 a - a +0 long sword (weapon)
Armour
 b - a +0 scale mail (worn)
 c - a +0 kite shield (worn)
Scrolls
 j - a scroll of blinking
Potions
 d - a potion of might
 e - a potion of curing
 g - a potion of haste
 h - 2 potions of magic
 i - a potion of berserk rage


   Skills:
 * Level 5.0 Fighting
 * Level 4.1 Long Blades
 + Level 4.3 Armour
 + Level 0.0 Dodging
 + Level 4.3 Shields


You had one spell level left.
You didn't know any spells.
Your spell library was empty.

Dungeon Overview and Level Annotations

Branches:
Dungeon (1/1)

Altars:


Innate Abilities, Weirdness & Mutations

You have a pair of horns on your head.
You reflexively headbutt those who attack you in melee.


Message History

The black bear bites you.
The black bear claws you but does no damage.
You block the black bear's attack. x2; The black bear completely misses you.
The black bear barely misses you.
You hit the black bear.
The black bear is moderately wounded.
The black bear barely misses you. You furiously retaliate!
You headbutt the black bear.
You riposte.
You closely miss the black bear.
The black bear is heavily wounded.
The black bear claws you but does no damage. x2
You slash the black bear! You headbutt the black bear.
The black bear is almost dead.
The black bear bites you. The black bear claws you.
* * * LOW HITPOINT WARNING * * *
The black bear closely misses you.
The black bear goes berserk!
You feel much better. The black bear bites you. The black bear claws you.
The black bear barely misses you.
You barely miss the black bear.
The black bear is almost dead.
The black bear bites you but does no damage.
The black bear claws you but does no damage. x2
The black bear bites you but does no damage.
You block the black bear's attack. The black bear claws you.
You barely miss the black bear. Your headbutt misses the black bear.
The black bear is severely wounded.
You block the black bear's attack. x2
The black bear claws you but does no damage.
The black bear bites you! The black bear claws you.
You block the black bear's attack.
You hit the black bear.
The black bear is almost dead.
The black bear bites you!
* * * LOW HITPOINT WARNING * * *
The black bear claws you but does no damage. x2
The black bear bites you but does no damage.
You block the black bear's attack. x2
You hit the black bear. Your headbutt misses the black bear.
The black bear is almost dead.
The black bear bites you.
You die...

▓.▓
▓.▓
▓.▓
▓)▓
▓.▓
▓.▓
▓.▓
▓.▓
▓@▓
▓h▓
▓r▓
▓h▓
▓w▓
▓s▓
▓.▓
▓+▓


You could see a black bear (berserk), a scorpion, a dart slug, a quokka and a
jackal.

Vanquished Creatures
  A gnoll (D)
  A ball python (D)
  2 goblins (D)
  A hobgoblin (D)
5 creatures vanquished.

Notes
Turn   | Place    | Note
-------+----------+-------------------------------------------
     0 | D        | mainiacjoe the Minotaur Fighter began the quest for the
                  | Orb.
     0 | D        | Reached XP level 1. HP: 19/19 MP: 0/0
     5 | D        | Banished a spatial maelstrom
     7 | D        | Reached skill level 4 in Fighting
    13 | D        | Reached skill level 5 in Fighting
    13 | D        | Reached XP level 2. HP: 19/29 MP: 1/1
   126 | D        | Noticed a black bear
   126 | D        | Noticed a scorpion
   138 | D        | Slain by a black bear

Illustrated notes

Levels and vault maps discovered:
D:        linesprint [early_d, line_temple, items_1, d_10, items_2, lair_1,
          lair_end, items_3, orc_1, orc_end, items_4, d_15, swamp_1, shoals_1,
          snake_1, spider_1, d_20, vaults_1, items_5, swamp_end, shoals_end,
          snake_end, spider_end, vaults_end, d_27, items_6, zot_1, zot_end,
          crypt_end, forest_end, elf_end, slime_end, tomb_end, abyss_end,
          pan_hell_end]

Skill      XL: |  1 |
---------------+----+-----
Fighting       | 5 |  5.0
Long Blades    | 4 |  4.1
Armour         | 4 |  4.3
Shields        | 4 |  4.3

Action                   || total
-------------------------++-------
Melee: Long sword        ||    20
       Headbutt          ||     4
  Use: Potion            ||     1
Armor: Scale mail        ||    18
Dodge: Dodged            ||     8
Block: Kite shield       ||    18
       Rpst.: Long sword ||     2
